 Dungeon Crawl Stone Soup version 0.30.0-19-g36f170ea60 (webtiles) character file.

Game seed: 2946133111690096780

476 Irreverend the Ducker (level 7, -2/51 HPs)
             Began as a Djinni Fire Elementalist on June 2, 2023.
             Was an Initiate of Makhleb.
             Slain by a hound (5 damage)
             ... on level 4 of the Dungeon.
             The game lasted 00:04:32 (4335 turns).

Irreverend the Ducker (Djinni Fire Elementalist)    Turns: 4335, Time: 00:04:33

Health: -2/51      AC:  6    Str:  7    XL:     7   Next: 33%
Gold:   250        EV: 14    Int: 18    God:    Makhleb [......] SH:  0 Dex: 14

rFire   + + .        (no weapon)
rCold   x . .        (no shield)
rNeg    . . .        a - +0 robe
rPois   ∞            (no helmet)
rElec   .            (no cloak)
rCorr   .            (no gloves)
SInv    .            (boots unavailable)
Will    .....        (no amulet)
Stlth   ++           q - +4 ring of protection
HPRegen 0.28/turn    (no ring)
MPRegen 0.00/turn

%: infuse magic (-3 HP)
@: mighty, flying
A: sickness immunity, fire resistance 2, cold vulnerability 1, float, innate
caster, HP casting, extra vitality 1
a: Renounce Religion


You were on level 4 of the Dungeon.
You worshipped Makhleb.
Makhleb was noncommittal.
You visited 2 branches of the dungeon, and saw 6 of its levels.

You collected 250 gold pieces.

Inventory:

Missiles
 l - 2 throwing nets
Armour
 a - a +0 robe (worn)
Jewellery
 q - a +4 ring of protection (left hand)
Wands
 s - a wand of roots (10)
Scrolls
 b - 3 scrolls of blinking {unknown}
 f - 5 scrolls of identify {unknown}
 h - a scroll of teleportation {unknown}
 i - a scroll of magic mapping {unknown}
 j - a scroll of enchant weapon {unknown}
 m - 2 scrolls of fear {unknown}
 n - a scroll of amnesia {unknown}
 r - a scroll of poison {unknown}
Potions
 c - 2 potions of haste {unknown}
 d - a potion of heal wounds {unknown}
 e - 2 potions of might
 g - 3 potions of curing {unknown}
 k - 3 potions of mutation {unknown}
 o - a potion of brilliance {unknown}
 p - a potion of degeneration {unknown}


   Skills:
 + Level 3.9 Fighting
 + Level 5.0 Dodging
 - Level 1.5 Stealth
 + Level 3.9 Spellcasting


You knew the following spells:

 Your Spells              Type           Power      Damage    Failure   Level
a - Foxfire               Conj/Fire      68%        2x1d7     3%          1
b - Scorch                Fire           34%        2d6       4%          2
c - Volatile Blastmotes   Fire/Tloc      34%        2d12      9%          3
d - Inner Flame           Hex/Fire       17%        N/A       9%          3
e - Flame Wave            Conj/Fire      17%        2d7       28%         4
f - Shock                 Conj/Air       68%        1d7       3%          1
g - Call Imp              Summ           34%        N/A       4%          2
h - Swiftness             Air            17%        N/A       9%          3
Your spell library was empty.

Dungeon Overview and Level Annotations

Branches:
Dungeon (5/15)             Temple (1/1) D:4

Altars:
Dithmenos
Hepliaklqana
Makhleb
Nemelex Xobeh
Qazlal
Ru
Xom
Yredelemnul
Zin
The Shining One

Shops:
D:2 :   D:3 !   D:4 :


Innate Abilities, Weirdness & Mutations

You are immune to sickness and miasma.
You are immune to poison.
Your flesh is very heat resistant. (rF++)
You are vulnerable to cold. (rC-)
You float through the air rather than walking.
You learn spells naturally, not from books.
Your magical power is your life essence.
You have superior vitality. (+4 MHP)


Message History

The foxfire hits the orc wizard.
You kill the orc wizard!
Makhleb accepts your kill. The hound closely misses you.
The orc priest hits you with a +0 flail!
Your Dodging skill increases to level 5!
The hound attacks as you move away! The hound barely misses you.
The orc hits you with a +0 war axe. The orc hits you but does no damage.
The orc priest hits you but does no damage.
The hound attacks as you move away! The hound bites you but does no damage.
The orc barely misses you. The orc hits you with a +0 whip.
The orc wizard gestures wildly while chanting.
The orc wizard flickers and vanishes!
Deactivating autopickup; reactivate with Ctrl-A.
The hound closely misses you. The orc attacks as you move away!
The orc hits you with a +0 war axe.
The orc priest attacks as you move away!
The orc priest hits you with a +0 flail.
The orc priest calls down the wrath of Beogh upon you.
Beogh smites you!
* * * LOW HITPOINT WARNING * * *
There is a stone staircase leading up here.
The hound bites you.
* * * LOW HITPOINT WARNING * * *
The orc closely misses you. The hound bites you.
* * * LOW HITPOINT WARNING * * *
You fly upwards.
Reactivating autopickup.
There is a stone staircase leading down here.
q - a +4 ring of protection (left hand) It was a potion of might.
You feel very mighty all of a sudden. The hound bites you.
* * * LOW HITPOINT WARNING * * *
The orc closely misses you.
The hound stops to sniff the ground.
The hound misses you.
You feel mightier all of a sudden. The hound bites you.
You die...

.P.....##.##..#######.## ##....##
.P.....##....## #....# ######
.......##..### ###.####
.......##.## ###...# ..........#
#...############### .....####.#
##.####.......##...##
.....####.###..# #.......#.....#
..............#####..............
....#####.#....o@##..............
.)..#####...####.h...............
...###.....######.........#.....#
#'..##.....##~~♣##'##............
§#..##.....'~♣♣#♣~~♣#............
.#..##.....#~♣#♣~♣♣~#............
.#..##....##♣~♣~♣#♣~##.####.....#
.#..##.####♣#♣~~~♣#♣##.# ##...##
.#.###.# #P #♣~♣~♣###.# #####


You could see a hound and an orc.

Vanquished Creatures
  An ogre (D:4)
  A phantom (D:4)
  A scorpion (D:4)
  2 orc wizards
  5 adders
  7 gnolls
  2 ufetubi (D:4)
  3 worms
  4 dart slugs
  5 orcs (D:3)
  5 endoplasms
  5 giant cockroaches
  5 goblins
  3 hobgoblins
  4 jackals (D:4)
  5 kobolds
  A quokka (D:2)
  8 ball pythons
  3 bats
  4 frilled lizards
  3 rats
77 creatures vanquished.

Vanquished Creatures (collateral kills)
  8 foxfires (D:1)
8 creatures vanquished.

Vanquished Creatures (others)
  374 foxfires
374 creatures vanquished.

Grand Total: 459 creatures vanquished

Notes
Turn   | Place    | Note
-------+----------+-------------------------------------------
     0 | D:1      | Irreverend the Djinni Fire Elementalist began the quest for
                  | the Orb.
     0 | D:1      | Irreverend set off with the following spells memorised:
                  | Foxfire, Scorch, Volatile Blastmotes, Inner Flame, Flame
                  | Wave.
     0 | D:1      | Reached XP level 1. HP: 15/15 MP: 0/0
   260 | D:1      | Reached XP level 2. HP: 14/22 MP: 0/0
   533 | D:1      | Reached skill level 1 in Fighting
   603 | D:1      | Found a faded altar of an unknown god.
   883 | D:2      | Reached XP level 3. HP: 23/27 MP: 0/0
   883 | D:2      | Learned a level 1 spell: Shock
  1307 | D:2      | Reached skill level 3 in Dodging
  1421 | D:2      | Found Mefrue Judghe's Book Shoppe.
  1548 | D:2      | Reached XP level 4. HP: 29/33 MP: 0/0
  2164 | D:3      | Found Ryntiota's Distillery.
  2178 | D:3      | Reached XP level 5. HP: 25/38 MP: 0/0
  2178 | D:3      | Learned a level 2 spell: Call Imp
  2505 | D:3      | Identified the +5 rapier "Pisoatig" {antimagic, rF- Str+3
                  | Int+2 Dex+6}
  2666 | D:3      | Found a hazy altar of Hepliaklqana.
  3134 | D:4      | Noticed an ogre
  3139 | D:4      | Reached skill level 4 in Dodging
  3139 | D:4      | Reached XP level 6. HP: 33/46 MP: 0/0
  3152 | D:4      | Killed an ogre
  3501 | D:4      | Reached XP level 7. HP: 38/50 MP: 0/0
  3501 | D:4      | Learned a level 3 spell: Swiftness
  3647 | D:4      | Found a staircase to the Ecumenical Temple.
  3675 | Temple   | Entered the Ecumenical Temple
  3790 | Temple   | Became a worshipper of Makhleb the Destroyer
  3887 | D:4      | Found a sparkling altar of Nemelex Xobeh.
  3959 | D:4      | Found a glowing silver altar of Zin.
  4031 | D:4      | Found Corchuna's Book Shop.
  4323 | D:5      | Entered Level 5 of the Dungeon
  4328 | D:5      | Reached skill level 5 in Dodging
  4335 | D:4      | Slain by a hound

Illustrated notes

Levels and vault maps discovered:
D:1:      minmay_arrival_wavy_path, layout_basic,
          chequers_ecumenical_altar_lobes, chequers_serial_rivers_small_b
D:2:      layout_loops_corners, serial_shops, shop, nicolae_figureground_sparkle
D:3:      layout_basic, nicolae_hepliaklqana_hippocampus, serial_shops, shop,
          minivault_14
D:4:      layout_rooms, nemelex_altar_shiori, zin_scriptorium,
          minmay_temple_entry_overgrown, serial_shops, nicolae_take_the_stairs,
          minivault_11, saegor_snake_ambush
D:5:      layout_gridville, mainiacjoe_overflow_swirl, tgw_trog,
          minmay_chambers_of_fives, uniq_prince_ribbit1
Temple:   minmay_temple_curvy_loop

Skill      XL: |  1  2  3  4  5  6  7 |
---------------+----------------------+-----
Fighting       | 1 2 3 |  3.9
Dodging        | 3 4 5 |  5.0
Spellcasting   | 3 |  3.9
Stealth        | |  1.5

Action                     |  1- 3 |  4- 6 |  7- 9 || total
---------------------------+-------+-------+-------++-------
   Cast: Foxfire           |   126 |   107 |    24 ||   257
         Scorch            |     3 |    24 |     2 ||    29
    Use: Potion            |       |       |     2 ||     2
 Armour: Robe              |     2 |     1 |     4 ||     7
  Dodge: Dodged            |     9 |    10 |    12 ||    31
